 Dungeon Crawl Stone Soup version 0.24.0-37-gcf1ca852f1 (webtiles) character file.

Game seed: 17989788388035820256, levelgen mode: deterministic

410 grindst0ne the Magician (level 6, -4/47 HPs)
             Began as a Gnoll Wanderer on Dec 1, 2019.
             Was an Initiate of Cheibriados.
             Slain by an ogre
             ... wielding a +0 giant club
              (25 damage)
             ... on level 4 of the Dungeon.
             The game lasted 00:10:27 (3522 turns).

grindst0ne the Magician (Gnoll Wanderer)            Turns: 3522, Time: 00:10:27

Health: -4/47      AC:  5    Str: 19    XL:     6   Next: 89%
Magic:  15/16      EV: 12    Int: 19    God:    Cheibriados [......]
Gold:   171        SH:  6    Dex: 14    Spells: 12/19 levels left

rFire    . . .     SeeInvis .   c - +2 dagger (venom)
rCold    . . .     Gourm    .   (no shield)
rNeg     . . .     Faith    .   e - +0 robe
rPois    .         Spirit   .   (no helmet)
rElec    .         Reflect  +   (no cloak)
rCorr    .         Harm     .   (no gloves)
MR       .....                  o - +2 pair of boots {Stlth+}
Stlth    +++.......             B - +6 amulet of reflection
HPRegen  0.15/turn              i - +4 ring of strength
MPRegen  0.15/turn              (no ring)

@: very slow
A: distributed training, fangs 1, strong nose
a: Bend Time, Renounce Religion


You were on level 4 of the Dungeon.
You worshipped Cheibriados.
Cheibriados was noncommittal.
You were not hungry.

You visited 2 branches of the dungeon, and saw 5 of its levels.

You collected 171 gold pieces.

Inventory:

Hand Weapons
 a - a +0 club
 c - a +2 dagger of venom (weapon)
 r - a +0 dagger
Armour
 e - a +0 robe (worn)
 j - a +0 leather armour
 o - a +2 pair of boots of stealth (worn)
Jewellery
 i - a +4 ring of strength (left hand)
 w - an uncursed ring of fire
 B - a +6 amulet of reflection (around neck)
Wands
 n - a wand of flame (10)
 s - a wand of paralysis (2)
 z - a wand of polymorph (6)
Scrolls
 d - 8 scrolls of identify {unknown}
 f - 2 scrolls of blinking
 l - 2 scrolls of noise {unknown}
 q - 3 scrolls of remove curse {unknown}
 t - 3 scrolls of teleportation {unknown}
 y - a scroll of immolation {unknown}
 A - a scroll of fear {unknown}
Potions
 b - 3 potions of heal wounds
 h - 3 potions of haste {unknown}
 k - a potion of mutation {unknown}
 m - 2 potions of agility {unknown}
 p - 2 potions of degeneration {unknown}
 u - a potion of lignification {unknown}
 v - a potion of magic {unknown}
 x - a potion of flight {unknown}
Comestibles
 g - 7 rations
 C - 2 chunks of flesh


   Skills:
 + Level 3.3 Fighting
 + Level 2.1 Short Blades
 + Level 2.1 Long Blades
 + Level 2.1 Axes
 + Level 2.1 Maces & Flails
 + Level 2.1 Polearms
 + Level 2.1 Staves
 + Level 2.1 Slings
 + Level 2.1 Bows
 + Level 2.1 Crossbows
 + Level 2.1 Throwing
 + Level 2.1 Armour
 + Level 2.1 Dodging
 + Level 3.2 Stealth
 + Level 3.3 Shields
 + Level 5.0 Unarmed Combat
 + Level 7.4 Spellcasting
 + Level 1.6 Conjurations
 + Level 1.6 Hexes
 + Level 1.6 Charms
 + Level 1.6 Summonings
 + Level 1.6 Necromancy
 + Level 1.6 Translocations
 + Level 1.6 Transmutations
 + Level 2.7 Fire Magic
 + Level 2.7 Ice Magic
 + Level 1.6 Air Magic
 + Level 1.6 Earth Magic
 + Level 1.6 Poison Magic
 + Level 2.3 Invocations
 + Level 2.1 Evocations


You had 12 spell levels left.
You knew the following spells:

 Your Spells              Type           Power        Failure   Level  Hunger
a - Flame Tongue          Conj/Fire      ###..        3%          1    None
b - Conjure Flame         Conj/Fire      ###.....     12%         3    #......
c - Regeneration          Chrm/Necr      ##........   14%         3    #......

Your spell library contained the following spells:

 Spells                   Type           Power        Failure   Level  Hunger
 Animate Skeleton         Necr           N/A          4%          1    None
 Pain                     Necr           ##..         4%          1    None
 Vampiric Draining        Necr           ##........   14%         3    #......
 Animate Dead             Necr           N/A          43%         4    ###....


Dungeon Overview and Level Annotations

Branches:
Dungeon (4/15)             Temple (1/1) D:4

Altars:
Cheibriados
Dithmenos
Elyvilon
Gozag
Hepliaklqana
Kikubaaqudgha
Nemelex Xobeh
Ru
Sif Muna
Trog
Uskayaw
Vehumet
Wu Jian
Xom
Yredelemnul
Zin


Innate Abilities, Weirdness & Mutations

Your experience applies equally to all skills.
You have very sharp teeth.
Your uncanny sense of smell can sniff out nearby items.


Message History

The ogre is heavily wounded.
The orc hits you with a +0 mace. The ogre misses you.
You hit the orc.
The orc is poisoned.
You punch the orc.
You kill the orc!
Cheibriados appreciates the change of pace.
You hit the ogre but do no damage.
The ogre is poisoned.
You bite the ogre, but do no damage.
The ogre is heavily wounded.
The ogre barely misses you.
Casting: Flame Tongue (safe; 3% risk of failure)
Confirm with . or Enter, or press ? or * to list all spells.
Aiming: Flame Tongue (safe; 3% risk of failure)
Press: ? - help, Shift-Dir - straight line, f/p - ogre
Aim: an ogre, wielding a +0 giant club (severely wounded, poisoned)
The flame tongue hits the ogre!
The ogre is almost dead.
The ogre hits you with a +0 giant club!!
The ogre hits you with a +0 giant club!!
Ouch! That really hurt!
You die...

##.## #..# ##.##
##..# ##...##
##.....##
###.......###
#...#.......##
##..@###......## .
#..#.O###......##...
####.....#..........
#.......)..........
##....#####.........
#......# ####......
#......## ......
#.......# .....
#.......# .....


You could see an ogre.

Vanquished Creatures
  An orc priest (D:3)
  3 orc wizards
  A bullfrog skeleton (D:4)
  Natasha (thrice) (D:2)
  A worker ant (D:4)
  4 adders
  2 oozes (D:1)
  A worm (D:2)
  A leopard gecko (D:2)
  12 orcs
  3 bats
  17 giant cockroaches
  7 goblins
  9 hobgoblins
  9 jackals
  4 frilled lizards
  5 kobolds
  A leopard gecko skeleton (D:4)
  6 rats
90 creatures vanquished.

Vanquished Creatures (others)
  An orc wizard (D:4)
1 creature vanquished.

Grand Total: 91 creatures vanquished

Notes
Turn   | Place    | Note
-------+----------+-------------------------------------------
     0 | D:1      | grindst0ne the Gnoll Wanderer began the quest for the Orb.
     0 | D:1      | grindst0ne set off with the following items: a +0 club, a
                  | potion of heal wounds, a potion of curing, a +0 robe, a
                  | scroll of blinking, a ration; and the following spell
                  | memorised: Flame Tongue; and the following spells available
                  | to memorise: Conjure Flame
     0 | D:1      | Reached XP level 1. HP: 17/17 MP: 8/8
    87 | D:1      | Reached XP level 2. HP: 16/23 MP: 10/10
   353 | D:1      | Reached XP level 3. HP: 26/28 MP: 8/11
   500 | D:1      | Learned a level 3 spell: Conjure Flame
   718 | D:1      | Reached skill level 1 in Invocations
   949 | D:2      | Found a faded altar of an unknown god.
   955 | D:2      | Noticed Natasha
  1016 | D:2      | Killed Natasha
  1016 | D:2      | Reached skill level 1 in Short Blades
  1016 | D:2      | Reached skill level 1 in Long Blades
  1016 | D:2      | Reached skill level 1 in Axes
  1016 | D:2      | Reached skill level 1 in Maces & Flails
  1016 | D:2      | Reached skill level 1 in Polearms
  1016 | D:2      | Reached skill level 1 in Staves
  1016 | D:2      | Reached skill level 1 in Slings
  1016 | D:2      | Reached skill level 1 in Bows
  1016 | D:2      | Reached skill level 1 in Crossbows
  1016 | D:2      | Reached skill level 1 in Throwing
  1016 | D:2      | Reached skill level 1 in Armour
  1016 | D:2      | Reached skill level 1 in Dodging
  1016 | D:2      | Reached skill level 1 in Evocations
  1016 | D:2      | Reached XP level 4. HP: 27/34 MP: 7/13
  1120 | D:2      | Noticed Natasha
  1130 | D:2      | Killed Natasha
  1130 | D:2      | Reached skill level 1 in Conjurations
  1130 | D:2      | Reached skill level 1 in Hexes
  1130 | D:2      | Reached skill level 1 in Charms
  1130 | D:2      | Reached skill level 1 in Summonings
  1130 | D:2      | Reached skill level 1 in Necromancy
  1130 | D:2      | Reached skill level 1 in Translocations
  1130 | D:2      | Reached skill level 1 in Transmutations
  1130 | D:2      | Reached skill level 1 in Air Magic
  1130 | D:2      | Reached skill level 1 in Earth Magic
  1130 | D:2      | Reached skill level 1 in Poison Magic
  1282 | D:2      | Noticed Natasha
  1304 | D:2      | Killed Natasha
  1304 | D:2      | Reached XP level 5. HP: 19/40 MP: 7/14
  1885 | D:3      | Learned a level 3 spell: Regeneration
  1915 | D:3      | Found a shadowy altar of Dithmenos.
  1954 | D:3      | Found a sparkling altar of Nemelex Xobeh.
  2153 | D:3      | Reached XP level 6. HP: 25/47 MP: 16/16
  2425 | D:3      | Found a sacrificial altar of Ru.
  2763 | D:4      | Reached skill level 5 in Unarmed Combat
  3017 | D:4      | Found a staircase to the Ecumenical Temple.
  3045 | Temple   | Entered the Ecumenical Temple
  3100 | Temple   | Became a worshipper of Cheibriados the Contemplative
  3157 | D:4      | Found a shimmering blue altar of Sif Muna.
  3522 | D:4      | Slain by an ogre

Levels and vault maps discovered:
D:1:      dpeg_arrival_simpleton_b, layout_basic, chequers_serial_rivers_room_a,
          chequers_serial_rivers_small_3, minmay_misc_feat_four_crosses
D:2:      layout_rooms, chequers_ecumenical_altar_twisty, uniq_natasha
D:3:      minmay_roachtagon, layout_loops_ring, nicolae_ru_path_of_blood,
          old_standard_altar, nemelex_xobeh_ov_fountains_minmay
D:4:      layout_cave_pods, led_sif_book, minmay_temple_entry_purple_smoke,
          first_ration, minmay_quadrilaterals
Temple:   minmay_temple_bridge_abc

Skill      XL: |  1  2  3  4  5  6 |
---------------+-------------------+-----
Fire Magic     | 2 |  2.7
Ice Magic      | 2 |  2.7
Invocations    | 1 2 |  2.3
Short Blades   | 1 2 |  2.1
Long Blades    | 1 2 |  2.1
Axes           | 1 2 |  2.1
Maces & Flails | 1 2 |  2.1
Polearms       | 1 2 |  2.1
Staves         | 1 2 |  2.1
Slings         | 1 2 |  2.1
Bows           | 1 2 |  2.1
Crossbows      | 1 2 |  2.1
Throwing       | 1 2 |  2.1
Armour         | 1 2 |  2.1
Dodging        | 1 2 |  2.1
Evocations     | 1 2 |  2.1
Conjurations   | 1 |  1.6
Hexes          | 1 |  1.6
Charms         | 1 |  1.6
Summonings     | 1 |  1.6
Necromancy     | 1 |  1.6
Translocations | 1 |  1.6
Transmutations | 1 |  1.6
Air Magic      | 1 |  1.6
Earth Magic    | 1 |  1.6
Poison Magic   | 1 |  1.6
Fighting       | 3 |  3.3
Shields        | 3 |  3.3
Stealth        | 3 |  3.2
Unarmed Combat | 5 |  5.0
Spellcasting   | |  7.4

Action                   |  1- 3 |  4- 6 || total
-------------------------+-------+-------++-------
Melee: Unarmed           |    45 |     3 ||    48
       Bite              |     4 |    15 ||    19
       Punch             |     1 |     2 ||     3
       Dagger            |       |   144 ||   144
 Cast: Flame Tongue      |    31 |    93 ||   124
       Conjure Flame     |       |     3 ||     3
       Regeneration      |       |     3 ||     3
  Use: Potion            |       |     1 ||     1
 Stab: Sleeping          |     1 |     3 ||     4
  Eat: Chunk             |       |     9 ||     9
Armor: Robe              |    21 |    62 ||    83
Dodge: Dodged            |    35 |   123 ||   158
Block: Other             |       |     1 ||     1
